Map: Miner Evacuation

Players

Winthrowe

  • Race: Terran Terran
  • Spawn Location: 7:00

Nikitta

  • Race: Protoss Protoss
  • Spawn Location: 7:00

VOD

Have the link to the VOD?

Description

Time

  • Played on: Aug. 17, 2017, 4:06 p.m.
  • Length: 25:50
Show
View Real Time Build Order
Export as new Build Order

Winthrowe Terran 

Build Orders:  

Get SALT Encoding   

  12  0:07  SCV  
  13  0:24  SCV  
  14  0:38  Supply Depot  
  14  0:41  SCV  
  14  0:45  Refinery  
  15  1:08  SCV  
  16  1:15  Barracks  
  16  1:25  SCV  
  17  1:42  SCV  
  18  2:01  Engineering Bay, Orbital Command  
  18  2:05  Barracks Reactor  
  18  2:36  SCV  
  19  2:54  Barracks  
  19  3:04  Engineering Bay  
  19  3:06  Marine x2  
  21  3:18  Marine  
  21  3:19  Marine  
  23  3:32  Refinery  
  23  3:45  Supply Depot  
  23  3:48  Barracks Tech Lab  
  23  3:57  Combat Shields  
  23  4:15  Marine x2, SCV  
  26  4:20  Supply Depot  
  26  4:27  Marine  
  27  4:32  SCV  
  28  4:49  SCV  
  29  4:52  Supply Depot  
  29  5:01  Marauder  
  31  5:11  Marine x2  
  31  5:15  Medic  
  35  5:23  Marine  
  35  5:24  Marine  
  35  5:27  Marine  
  38  5:40  Marauder  
  38  5:43  Marine  
  38  5:44  Marine  
  38  5:46  SCV  
  38  5:47  Concussive Shells  
  43  5:55  Medic  
  45  6:07  Medic  
  41  7:03  Marauder  
  41  7:05  Marine  
  41  7:06  Marine  
  45  7:12  SCV  
  45  7:18  Marine  
  47  7:22  Terran Infantry Weapons Level 1  
  47  7:30  Terran Infantry Armor Level 1  
  47  7:40  Supply Depot  
  47  8:10  Marauder, Marine x2, SCV  
  52  8:22  Marine x2  
  54  8:34  Marine  
  55  9:07  Supply Depot  
  55  9:37  Marauder, Marine x2  
  55  9:39  Supply Depot  
  59  9:49  Marine x2  
  57  9:51  Medic  
  60  10:01  Marine x2  
  60  10:09  Medic, SCV  
  65  10:10  Supply Depot  
  65  10:14  Marine x2  
  67  10:22  Marauder  
  67  10:26  Marine, SCV  
  65  10:40  Medic, Marine x2  
  71  10:42  Supply Depot  
  71  10:43  SCV  
  76  10:52  Marine x2  
  78  11:00  SCV  
  79  11:11  Medic, Marine x2  
  79  11:13  Supply Depot  
  79  11:17  SCV  
  84  11:24  Marauder, Marine  
  87  11:40  Command Center  
  87  11:42  Marine x2  
  87  11:43  Marauder  
  87  11:47  Factory  
  91  11:58  Marauder  
  93  12:08  Marine  
  93  12:09  Marine  
  81  13:20  Marauder, Marine x2, SCV  
  100  13:32  Marine x2  
  100  13:35  Marauder  
  100  13:37  SCV  
  105  13:44  Marine x2  
  94  13:50  Marauder  
  94  13:54  SCV  
  94  13:57  Marine x2  
  68  14:05  Marauder  
  68  14:09  Marine x2  
  70  14:11  SCV  
  70  14:19  Marine  
  73  14:22  Marine x2  
  73  14:28  SCV  
  77  14:32  Marauder  
  77  14:34  Marine x2  
  81  14:40  Factory Tech Lab  
  81  14:45  Stabilizer Medpacks  
  81  14:47  Marauder, Marine x2  
  85  14:59  Marine x2  
  85  15:02  Marauder  
  89  15:11  Marine x2  
  89  15:17  Marauder  
  93  15:24  Marine x2  
  95  15:32  Firebat  
  95  15:36  Marine x2  
  99  15:44  Incinerator Gauntlets  
  99  15:46  Starport, Siege Tank  
  99  15:47  Firebat  
  99  15:49  Marine x2  
  106  15:52  Replenishable Magazine  
  106  16:01  Marine x2  
  106  16:02  Firebat  
  110  16:29  Supply Depot  
  110  16:44  Juggernaut Plating, SCV  
  110  16:59  SCV, Firebat, Siege Tank  
  116  17:01  Supply Depot, SCV  
  112  17:16  SCV  
  112  17:18  SCV  
  108  17:35  Supply Depot  
  106  18:05  Firebat  
  106  18:06  Supply Depot  
  106  18:08  Siege Tank  
  111  18:10  Marine x2  
  113  18:20  Firebat  
  113  18:22  Marine  
  113  18:23  Marine  
  117  18:30  Siege Tank  
  117  18:35  Marine x2, Firebat  
  117  18:38  Supply Depot  
  124  18:47  Marine  
  124  18:48  Marine  
  114  18:50  Firebat  
  126  18:52  Siege Tank  
  115  19:00  Marine x2  
  131  19:04  Firebat  
  135  19:12  Supply Depot, Marine  
  135  19:13  Marine  
  135  19:15  Vulture  
  135  19:19  Firebat  
  141  19:24  Marine  
  141  19:25  Marine  
  141  19:27  Vulture  
  145  19:34  Firebat  
  140  19:40  Vulture  
  140  19:43  Supply Depot  
  140  19:49  Medic  
  144  19:52  Vulture  
  144  19:59  Marine  
  146  20:00  Marine  
  146  20:01  Medic  
  150  20:12  Marine  
  150  20:13  Marine  
  150  20:14  Medic  
  150  20:16  Supply Depot  
  154  20:24  Marine, Vulture  
  154  20:25  Marine  
  154  20:27  Marauder  
  160  20:36  Vulture  
  160  20:37  Marine x2  
  164  20:42  Firebat  
  164  20:49  Vulture  
  168  20:56  Firebat  
  170  21:01  Vulture  
  172  21:11  Firebat  
  174  21:33  Supply Depot  
  174  22:05  Supply Depot  
Show
View Real Time Build Order
Export as new Build Order

Nikitta Protoss 

Build Orders:  

Get SALT Encoding   

  12  0:13  Assimilator  
  12  0:21  Assimilator  
  12  0:25  Probe (Chrono Boost)  
  13  0:52  Probe (Chrono Boost)  
  14  1:01  Pylon  
  14  1:06  Probe (Chrono Boost)  
  14  1:09  Pylon  
  15  1:23  Pylon  
  15  1:25  Probe (Chrono Boost)  
  16  1:48  Gateway  
  16  1:59  Probe (Chrono Boost)  
  17  2:12  Probe (Chrono Boost)  
  18  2:20  Forge  
  18  2:27  Probe (Chrono Boost)  
  19  2:43  Pylon  
  19  3:03  Zealot  
  21  3:38  Zealot  
  23  3:47  Pylon  
  23  4:00  Photon Cannon  
  23  4:17  Photon Cannon  
  23  4:21  Protoss Ground Weapons Level 1  
  23  4:31  Cybernetics Core  
  23  4:42  Probe (Chrono Boost)  
  24  4:56  Probe (Chrono Boost)  
  24  4:59  Zealot  
  27  5:10  Probe (Chrono Boost)  
  28  5:52  Gateway  
  28  6:01  Dragoon  
  24  7:01  Protoss Ground Armor Level 1  
  24  7:15  Dragoon  
  24  7:18  Dragoon  
  28  7:50  Pylon  
  28  8:12  Dragoon  
  28  8:15  Dragoon  
  32  8:30  Gateway  
  32  8:40  Pylon  
  32  8:47  Dragoon  
  34  8:50  Zealot  
  36  9:08  Photon Cannon  
  36  9:41  Protoss Shields Level 1  
  36  10:04  Dragoon  
  36  10:07  Dragoon  
  40  10:12  Dragoon  
  42  11:17  Dragoon  
  44  11:21  Dragoon  
  44  11:23  Dragoon  
  48  13:10  Dragoon  
  48  13:12  Dragoon  
  48  13:16  Dragoon  
  54  14:07  Dragoon  
  56  14:13  Dragoon  
  56  14:19  Dragoon  
  58  16:02  Dragoon  
  58  16:06  Dragoon  
  62  16:10  Dragoon  
  64  17:14  Dragoon  
  64  17:17  Dragoon  
  68  17:21  Dragoon  
  66  20:27  Dragoon  
  68  20:31  Dragoon  
  70  21:08  Pylon  
  70  21:39  Photon Cannon  
Tags
 
Add a new tag
Caveats
  • Supply blocks, unpowered buildings, or Contaminate may cause inaccurate times.
  • Supply counts are checked every 10 seconds.